 Dungeon Crawl Stone Soup version 0.31.0-9-g3a7656b989 (webtiles) character file.

Game seed: 16075166657163174441

109 qw the Shooter (level 4, 0/22 HPs)
             Began as a Spriggan Hunter on Feb 2, 2024.
             Slain by Natasha (9 damage)
             ... on level 3 of the Dungeon.
             The game lasted 00:00:05 (1688 turns).

qw the Shooter (Spriggan Hunter)                    Turns: 1688, Time: 00:00:06

Health: 0/22       AC:  2    Str:  7    XL:     4   Next: 59%
Magic:  5/5        EV: 20    Int: 10    God:
Gold:   63         SH:  0    Dex: 20    Spells: 3/3 levels left

rFire   . . .        a - +1 shortbow (heavy)
rCold   . . .        (shield currently unavailable)
rNeg    . . .        c - +0 robe
rPois   .            (helmet restricted)
rElec   .            (no cloak)
rCorr   .            (gloves unavailable)
SInv    +            (boots unavailable)
Will    .....        f - amulet of the acrobat
Stlth   ++           (no ring)
HPRegen 0.23/turn    (no ring)
MPRegen 0.09/turn

%: acrobat
@: very quick
A: very small, no large weapons, unfitting armour, see invisible, speed 3
a: no special abilities


You were on level 3 of the Dungeon.
You visited 1 branch of the dungeon, and saw 3 of its levels.

You collected 175 gold pieces.
You spent 112 gold pieces at shops.


Innate Abilities, Weirdness & Mutations

You are very small and have problems with some larger weapons.
You are too small for most types of armour.
You have supernaturally acute eyesight. (SInv)
You cover ground extremely quickly. (Speed+++)


   Skills:
 + Level 1.6 Fighting
 - Level 5.0 Ranged Weapons
 - Level 5.0 Dodging
 - Level 1.5 Stealth


You had 3 spell levels left.
You didn't know any spells.
Your spell library was empty.

Inventory:

Hand Weapons
 a - a +1 heavy shortbow (weapon)
Armour
 c - a +0 robe (worn)
Jewellery
 f - an amulet of the acrobat (around neck)
Scrolls
 b - a scroll of identify
Potions
 d - a potion of curing
 e - a potion of might
 g - a potion of heal wounds

Dungeon Overview and Level Annotations

Branches:
Dungeon (3/15)

Altars:

Shops:
D:1 ((=(   D:3 !

Annotations:
D:3 Natasha


Message History

You now have 63 gold pieces (gained 15).
As you open the door, it creaks loudly!
There is an open door here.
Natasha, Servant of Life and Death comes into view.
Natasha hisses angrily.
You shoot an arrow. The arrow hits Natasha.
Natasha is moderately wounded.
You shoot an arrow. The arrow hits Natasha!
Natasha is severely wounded.
Natasha casts a spell.
You shoot an arrow. The arrow hits the cerulean imp!
The cerulean imp is heavily wounded.
The cerulean imp completely misses you.
You shoot an arrow. The arrow hits the cerulean imp.
The cerulean imp is severely wounded.
Natasha mumbles some strange words.
The cerulean imp misses you.
Natasha casts a spell.
You shoot an arrow.
The arrow closely misses the cerulean imp.
The arrow hits the cerulean imp!
You kill the cerulean imp!
The cerulean imp disappears in a puff of smoke!
The cerulean imp barely misses you.
Natasha casts a spell.
You shoot an arrow. The arrow hits the cerulean imp!
The cerulean imp is almost dead.
The cerulean imp barely misses you. The cerulean imp misses you.
You shoot an arrow. The arrow hits the cerulean imp!
You kill the cerulean imp!
The cerulean imp disappears in a puff of smoke!
Natasha stares at you and mumbles some strange words.
The magic dart hits you!
You shoot an arrow. The arrow closely misses Natasha.
The arrow barely misses the cerulean imp. x2
Natasha completely misses you.
The cerulean imp hits you from afar with a +2 spear.
Natasha claws you!
You die...
Natasha begins licking her fur clean.

########### #.........#
##.........#############
#..........'....@h55....
#..........#############
...........#
)########### .# ## # #


You could see Natasha and 2 cerulean imps.

Vanquished Creatures
  A bombardier beetle (D:3)
  Jessica (D:2)
  An adder (D:2)
  2 dart slugs
  3 bats
  7 endoplasms
  2 giant cockroaches
  4 goblins
  A hobgoblin (D:2)
  2 jackals (D:1)
  6 ball pythons
  4 frilled lizards (D:2)
  4 kobolds
  4 rats
42 creatures vanquished.

Notes
Turn   | Place    | Note
-------+----------+-------------------------------------------
     0 | D:1      | qw the Spriggan Hunter began the quest for the Orb.
     0 | D:1      | Reached XP level 1. HP: 10/10 MP: 2/2
     0 | D:1      | 0 ||| qw: Version: 0.3-a-155-g5e7d8dd
     0 | D:1      | 0 ||| qw: Game counter: 1252
     0 | D:1      | 0 ||| qw: Melee chars always use a shield: true
     0 | D:1      | 0 ||| qw: God list: Okawaru
     0 | D:1      | 0 ||| qw: Allow faded altars: false
     0 | D:1      | 0 ||| qw: Do Orc after clearing Dungeon:15 true
     0 | D:1      | 0 ||| qw: Do second Lair branch before Depths: true
     0 | D:1      | 0 ||| qw: Lair rune preference: random
     0 | D:1      | 0 ||| qw: Goals: Normal
     0 | D:1      | 0 ||| PLANNING D:1-11
    12 | D:1      | Reached skill level 3 in Dodging
    71 | D:1      | Reached XP level 2. HP: 14/14 MP: 3/3
    80 | D:1      | Found Atayd's Weapon Boutique.
   123 | D:1      | Found Ulull's Antique Weapon Boutique.
   130 | D:1      | 130 ||| SHOPLISTING runed shortbow (132 gold, have 14).
   240 | D:1      | Found Sadyob's Antique Weapon Emporium.
   246 | D:1      | Found Ugemoly's Jewellery Shop.
   248 | D:1      | 248 ||| SHOPLISTING glowing orcbow (149 gold, have 36).
   256 | D:1      | 256 ||| SHOPLISTING +5 ring of evasion (504 gold, have 36).
   256 | D:1      | 256 ||| SHOPLISTING +6 ring of strength (504 gold, have
                  | 36).
   256 | D:1      | 256 ||| SHOPLISTING ring of poison resistance (280 gold,
                  | have 36).
   602 | D:1      | 602 ||| UPGRADING to amulet of the acrobat.
   607 | D:1      | 607 ||| READING scroll labelled PAQYZU RIECINU.
   607 | D:1      | 607 ||| ENCHANTING +0 shortbow.
   608 | D:1      | 608 ||| READING scroll labelled JECZIX KAPOE.
   608 | D:1      | 608 ||| IDENTIFYING glowing pink potion
   609 | D:1      | 609 ||| READING scroll labelled CUNIBBOSTRUM.
   609 | D:1      | 609 ||| ENCHANTING +0 shortbow.
   610 | D:1      | 610 ||| READING scroll labelled BEPSIMNAZID.
   611 | D:1      | 611 ||| READING scroll labelled RIQUSHR WUBREYS.
   712 | D:1      | 712 ||| DROPPING scroll of butterflies.
   927 | D:2      | Reached XP level 3. HP: 18/18 MP: 4/4
  1271 | D:2      | Noticed Jessica
  1277 | D:2      | Killed Jessica
  1410 | D:2      | Reached XP level 4. HP: 22/22 MP: 5/5
  1515 | D:2      | 1515 ||| READING scroll labelled NYTHIE NUELA.
  1516 | D:2      | 1516 ||| READING scroll labelled GUYLIE DEQISS.
  1519 | D:2      | 1519 ||| READING scroll labelled BIBASHRI HUSANI.
  1519 | D:2      | 1519 ||| BRANDING +1 shortbow.
  1520 | D:2      | 1520 ||| READING scroll labelled SIUHIRA YSMO.
  1521 | D:2      | 1521 ||| READING scroll labelled JOHEYRR FUYFU.
  1605 | D:3      | Found Reaffin's Distillery.
  1614 | D:3      | 1614 ||| BUYING potion of curing (42 gold).
  1614 | D:3      | Bought a potion of curing for 42 gold pieces
  1614 | D:3      | 1614 ||| SHOPLISTING potion of haste (140 gold, have 118).
  1614 | D:3      | 1614 ||| BUYING potion of heal wounds (70 gold).
  1614 | D:3      | Bought a potion of heal wounds for 70 gold pieces
  1680 | D:3      | Noticed Natasha
  1688 | D:3      | Slain by Natasha

Levels and vault maps discovered:
D:1:      dpeg_arrival_simpleton_a, layout_loops_ring, serial_shops, shop,
          nicolae_shop_tiny_glass, nicolae_shop_tiny_waterfront, shop
D:2:      layout_basic, minmay_crystal_water, uniq_jessica
D:3:      layout_basic, grunt_temple_overflow_octagram, serial_shops, shop,
          uniq_natasha

Skill      XL: |  1  2  3  4 |
---------------+-------------+-----
Dodging        | 3 4 5 |  5.0
Ranged Weapons | 5 |  5.0
Fighting       | |  1.6
Stealth        | |  1.5

Action                     |  1- 3 |  4- 6 || total
---------------------------+-------+-------++-------
   Fire: Shortbow          |   101 |    23 ||   124
    Use: Scroll            |     5 |     5 ||    10
 Armour: Robe              |    10 |     4 ||    14
  Dodge: Dodged            |    18 |     9 ||    27

Table legend:
 A = Non-vault XP
 B = Vault XP
 C = Vault XP percentage of total XP
 D = Non-vault monster count
 E = Vault monster count
 F = Vault count percentage of total count
                 A         B        C        D         E       F
            +---------+---------+-------+---------+---------+-------
      Total |     119 |      37 |  23.7 |      41 |       1 |   2.4
            +---------+---------+-------+---------+---------+-------
        D:1 |      30 |       0 |   0.0 |      18 |       0 |   0.0
        D:2 |      39 |      37 |  48.7 |      17 |       1 |   5.6
        D:3 |      50 |       0 |   0.0 |       6 |       0 |   0.0
            +---------+---------+-------+---------+---------+-------
